 Dungeon Crawl Stone Soup version 0.30.0-10-gfe55d96785 (webtiles) character file.

Game seed: 16561935139865702873

322 qw the Chopper (level 6, -1/39 HPs)
             Began as a Gargoyle Cinder Acolyte on May 17, 2023.
             Was an Elder of Ignis.
             Slain by Grinder (5 damage)
             ... on level 4 of the Dungeon.
             The game lasted 00:01:36 (3321 turns).

qw the Chopper (Gargoyle Cinder Acolyte)            Turns: 3321, Time: 00:01:37

Health: -1/39      AC: 19    Str: 19    XL:     6   Next: 47%
Magic:  7/7        EV: 10    Int: 15    God:    Ignis [****..]
Gold:   156        SH:  0    Dex:  5    Spells: 7/7 levels left

rFire   + . .        Y - +2 war axe
rCold   . . .        (no shield)
rNeg    + . .        d - +0 ring mail
rPois   inf          (no helmet)
rElec   +            (no cloak)
rCorr   .            e - +0 pair of gloves
SInv    .            b - +0 pair of boots
Will    .....        (no amulet) Stlth
                     (no ring)
HPRegen 0.26/turn    (no ring)
MPRegen 0.10/turn

%: no passive effects
@: fiery-armoured
A: sickness immunity, AC +4, negative energy resistance 1, electricity
resistance, torment resistance 1, petrification resistance
a: Renounce Religion, Fiery Armour, Foxfire Swarm, Rising Flame


You were on level 4 of the Dungeon.
You worshipped Ignis.
Ignis was greatly pleased with you.
You visited 1 branch of the dungeon, and saw 4 of its levels.

You collected 182 gold pieces.
You spent 26 gold pieces at shops.


Innate Abilities, Weirdness & Mutations

You are immune to sickness and miasma.
Your stone body is resilient. (AC +4)
You are immune to poison.
You resist negative energy. (rN+)
You are resistant to electric shocks. (rElec)
You are resistant to unholy torment.
You are immune to petrification.


   Skills:
 - Level 4.6 Fighting
 + Level 5.4 Axes
 - Level 2.0 Armour
 - Level 1.0 Spellcasting
 - Level 3.0 Fire Magic


You had 7 spell levels left.
You didn't know any spells.
Your spell library contained the following spells:

 Spells                   Type           Power      Damage    Failure   Level
 Scorch                   Fire           18%        2d6       19%         2

Inventory:

Hand Weapons
 a - a -1 hand axe of flaming
 Y - a +2 war axe (weapon)
Armour
 b - a +0 pair of boots (worn)
 d - a +0 ring mail (worn)
 e - a +0 pair of gloves (worn)
Scrolls
 g - 3 scrolls of identify
Potions
 c - a potion of degeneration {unknown}
 f - a potion of might {unknown}
 h - a potion of cancellation {unknown}
 k - 2 potions of curing
 m - a potion of mutation {unknown}
 n - a potion of attraction {unknown}

Dungeon Overview and Level Annotations

Branches:
Dungeon (4/15)
 Temple: D:4-7

Altars:

Shops:
D:1 ?   D:2 (

Annotations:
D:4 Grinder


Message History

You completely miss Grinder.
Grinder is lightly wounded.
Grinder gestures at you.
You suddenly lose the ability to move!
Grinder hits you but does no damage.
Grinder is burned by your cloak of flames.
Grinder is moderately wounded.
Grinder zaps a wand.
The bolt of dispelling energy hits you!
Your magical effects are unravelling.
You can move again.
You closely miss Grinder.
Grinder is moderately wounded.
Grinder gestures at you.
You barely resist. You closely miss Grinder.
Grinder is moderately wounded.
Grinder blinks!
Grinder zaps a wand.
The bolt of dispelling energy hits you.
You hit Grinder. Your punch misses Grinder.
Grinder is moderately wounded.
Grinder hits you but does no damage.
Grinder is burned by your cloak of flames.
Grinder is moderately wounded.
You hit Grinder.
Grinder is heavily wounded.
Grinder hits you but does no damage.
Grinder is burned by your cloak of flames.
Grinder is heavily wounded.
Grinder gestures at you. Pain shoots through your body!
You hit Grinder.
Grinder is severely wounded.
Grinder hits you but does no damage.
Grinder is burned by your cloak of flames.
Grinder is severely wounded.
You closely miss Grinder.
Grinder is severely wounded.
Grinder says, "Just stop there for a second..."
Grinder hits you.
You die...

..# ..>..#.. .....# ..##
........ ##.#... ....
#.......#.#............ ...#
##............<. .......
....##....##...##.... ......#
.....##...##.......# .......
..#..#....###......# .......
###^.#....##......####.......
##....../.##%.5@..##........
#.....#.....................
#.....####.........##.......
###....####........###.......
..%.........##...............
#.).........#.....####.......
#..................# #......
..................## .#....
........<..##...### .#...#


You could see Grinder.

Vanquished Creatures
  An ogre (D:3)
  A bullfrog (D:3)
  An orc priest (D:2)
  An iguana (D:4)
  4 adders
  5 worms
  2 dart slugs
  3 orcs
  5 endoplasms
  2 giant cockroaches
  12 goblins
  4 hobgoblins
  3 jackals (D:2)
  4 quokkas
  4 ball pythons
  3 bats
  2 frilled lizards
  4 kobolds
  6 rats
67 creatures vanquished.

Notes
Turn   | Place    | Note
-------+----------+-------------------------------------------
     0 | D:1      | qw the Gargoyle Cinder Acolyte began the quest for the Orb.
     0 | D:1      | Reached XP level 1. HP: 14/14 MP: 2/2
     0 | D:1      | 0 ||| qw: Version: 0.2-a-95-g4c1bab1
     0 | D:1      | 0 ||| qw: Game counter: 105
     0 | D:1      | 0 ||| qw: Always use a shield: true
     0 | D:1      | 0 ||| qw: God list: Okawaru
     0 | D:1      | 0 ||| qw: Allow faded altars: false
     0 | D:1      | 0 ||| qw: Do Orc after D:15 true
     0 | D:1      | 0 ||| qw: Do second Lair branch before Depths: true
     0 | D:1      | 0 ||| qw: Lair rune preference: random
     0 | D:1      | 0 ||| qw: Plans: Normal
     0 | D:1      | 0 ||| PLANNING D:1-11
    55 | D:1      | 55 ||| Stepping ~*~*~tactically~*~*~ (stealth).
    88 | D:1      | Reached skill level 3 in Axes
   109 | D:1      | 109 ||| SWAPPING to +0 war axe.
   136 | D:1      | Found Ozoeluc's Magic Scroll Shoppe.
   144 | D:1      | Reached XP level 2. HP: 11/19 MP: 3/3
   178 | D:1      | 178 ||| SHOPLISTING scroll of enchant weapon (97 gold, have
                  | 35).
   178 | D:1      | 178 ||| BUYING scroll of identify (26 gold).
   178 | D:1      | Bought a scroll of identify for 26 gold pieces
   178 | D:1      | 178 ||| SHOPLISTING scroll of identify (26 gold, have 9).
   178 | D:1      | 178 ||| SHOPLISTING scroll of teleportation (39 gold, have
                  | 9).
   560 | D:1      | 560 ||| Stepping ~*~*~tactically~*~*~ (hiding).
   581 | D:1      | 581 ||| Stepping ~*~*~tactically~*~*~ (hiding).
   720 | D:1      | 720 ||| INVOKING Fiery Armour.
   842 | D:1      | 842 ||| UPGRADING to +0 ring mail.
   852 | D:1      | 852 ||| DROPPING +0 robe.
   853 | D:1      | 853 ||| READING scroll labelled MOCOMMUUPN.
   854 | D:1      | 854 ||| READING scroll labelled HEFRO COMI.
   855 | D:1      | 855 ||| READING scroll labelled ESOANU WOIMER.
   899 | D:2      | Reached XP level 3. HP: 23/23 MP: 4/4
  1168 | D:2      | Reached skill level 4 in Axes
  1218 | D:2      | 1218 ||| INVOKING Fiery Armour.
  1218 | D:2      | HP: 4/23 [orc/+0 short sword (3)]
  1221 | D:2      | Reached XP level 4. HP: 6/28 MP: 5/5
  1225 | D:2      | 1225 ||| Stepping ~*~*~tactically~*~*~ (stealth).
  1228 | D:2      | 1228 ||| Stepping ~*~*~tactically~*~*~ (stealth).
  1409 | D:2      | Found a faded altar of an unknown god.
  1447 | D:2      | Found Joakamoi's Weapon Emporium.
  1448 | D:2      | 1448 ||| Stepping ~*~*~tactically~*~*~ (hiding).
  1450 | D:2      | 1450 ||| Stepping ~*~*~tactically~*~*~ (hiding).
  1451 | D:2      | 1451 ||| Stepping ~*~*~tactically~*~*~ (hiding).
  1738 | D:2      | 1738 ||| UPGRADING to +0 pair of boots.
  1743 | D:2      | 1743 ||| UPGRADING to +0 pair of gloves.
  1748 | D:2      | 1748 ||| READING scroll labelled JULIQIN JEMIESH.
  1749 | D:2      | 1749 ||| READING scroll labelled XIASOO ADITI.
  1753 | D:2      | 1753 ||| DRINKING 4 viscous golden potions.
  1754 | D:2      | 1754 ||| DROPPING 3 potions of brilliance.
  2082 | D:3      | Noticed a bullfrog
  2088 | D:3      | 2088 ||| INVOKING Fiery Armour.
  2090 | D:3      | HP: 6/28 [bullfrog (5)]
  2090 | D:3      | Killed a bullfrog
  2091 | D:3      | Reached skill level 5 in Axes
  2091 | D:3      | Reached XP level 5. HP: 7/32 MP: 6/6
  2275 | D:3      | 2275 ||| Stepping ~*~*~tactically~*~*~ (stealth).
  2286 | D:3      | 2286 ||| Stepping ~*~*~tactically~*~*~ (hiding).
  2515 | D:3      | 2515 ||| READING scroll of enchant weapon.
  2515 | D:3      | 2515 ||| ENCHANTING +1 war axe.
  2572 | D:3      | Noticed an ogre
  2583 | D:3      | Killed an ogre
  2584 | D:3      | Reached XP level 6. HP: 24/39 MP: 7/7
  2948 | D:3      | 2948 ||| DROPPING +1 robe of willpower.
  2949 | D:3      | 2949 ||| READING scroll labelled HASTIK SIVUDE.
  2950 | D:3      | 2950 ||| READING scroll labelled ZEITRY WAOTICW.
  2951 | D:3      | 2951 ||| DRINKING 2 lumpy emerald potions.
  3056 | D:3      | 3056 ||| DRINKING 3 orange potions.
  3057 | D:3      | 3057 ||| DROPPING potion of berserk rage.
  3135 | D:4      | 3135 ||| Stepping ~*~*~tactically~*~*~ (stealth).
  3219 | D:4      | 3219 ||| Stepping ~*~*~tactically~*~*~ (hiding).
  3295 | D:4      | Noticed Grinder
  3303 | D:4      | 3303 ||| Stepping ~*~*~tactically~*~*~ (hiding).
  3304 | D:4      | 3304 ||| Stepping ~*~*~tactically~*~*~ (hiding).
  3307 | D:4      | 3307 ||| INVOKING Fiery Armour.
  3311 | D:4      | Paralysed by Grinder for 4 turns
  3319 | D:4      | HP: 3/39 [Grinder/nerve-wracking pain (7)]
  3321 | D:4      | Slain by Grinder

Levels and vault maps discovered:
D:1:      dpeg_arrival_round_c, layout_basic, serial_shops,
          nicolae_shop_tiny_real_fake_doors, minmay_strange_pillars
D:2:      layout_basic, dreamdust_ecumenical_altar_hidden_monk_grotto,
          serial_shops, shop
D:3:      layout_basic, serial_rivers, chequers_serial_rivers_room_b,
          chequers_serial_rivers_room_b, chequers_serial_rivers_room_a,
          chequers_serial_rivers_large_a, chequers_serial_rivers_room_b,
          chequers_serial_rivers_micro_e, st_stairs_9
D:4:      layout_cave_pools, uniq_grinder

Skill      XL: |  1  2  3  4  5 |
---------------+----------------+-----
Axes           | 3 4 5 |  5.4
Armour         | 2 |  2.0
Fighting       | 4 |  4.6
Spellcasting   | |  1.0
Fire Magic     | |  3.0

Action                     |  1- 3 |  4- 6 || total
---------------------------+-------+-------++-------
  Melee: Hand axe          |    13 |       ||    13
         War axe           |    92 |   143 ||   235
         Punch             |     1 |       ||     1
 Invoke: Fiery Armour      |     2 |     2 ||     4
    Use: Scroll            |     3 |     5 ||     8
         Potion            |       |     3 ||     3
 Armour: Robe              |    22 |       ||    22
         Ring mail         |    25 |    62 ||    87
  Dodge: Dodged            |    59 |    70 ||   129

Table legend:
 A = Non-vault XP
 B = Vault XP
 C = Vault XP percentage of total XP
 D = Non-vault monster count
 E = Vault monster count
 F = Vault count percentage of total count
                 A         B        C        D         E       F
            +---------+---------+-------+---------+---------+-------
      Total |     445 |      16 |   3.5 |      65 |       2 |   3.0
            +---------+---------+-------+---------+---------+-------
        D:1 |      29 |       0 |   0.0 |      17 |       0 |   0.0
        D:2 |     102 |       0 |   0.0 |      23 |       0 |   0.0
        D:3 |     236 |      16 |   6.3 |      15 |       2 |  11.8
        D:4 |      78 |       0 |   0.0 |      10 |       0 |   0.0
            +---------+---------+-------+---------+---------+-------
